[Event "*** Titled Tuesday Blitz AM"]
[Site "Chess.com"]
[Date "2020.01.07"]
[Round "2"]
[White "OneTrickPony_82"]
[Black "djamir"]
[Result "0-1"]
[WhiteElo "2447"]
[BlackElo "2751"]
[TimeControl "180+2"]
[EndTime "9:24:32 PST"]
[Termination "djamir won on time"]

1. d4 e6 2. Nf3 Nf6 3. c4 Bb4+ 4. Bd2 c5 5. Bxb4 cxb4 6. e3 O-O 7. Bd3 d6 8. O-O a5 9. Nbd2 Qe7 10. a3 Na6 11. h3 b6 12. Qc2 Bb7 13. Ne4 Bxe4 14. Bxe4 Rac8 15. Bd3 e5 16. c5 Nxc5 17. dxc5 Rxc5 18.
Qb3 e4 19. Bxe4 Qxe4 20. Rfd1 d5 21. axb4 Rb5 22. Rd4 Qe7 23. Qa4 Rxb4 24. Rxb4 axb4 25. Qc6 Qc5 26. Rc1 Qa5 27. Nd4 Qa2 28. b3 Ne4 29.
Rc2 Qb1+ 30. Rc1 Qb2 31. Rc2 Qa1+ 32. Rc1 Qa5 33. Nf5 Nc3 34. Kh2 Qa7 35. g3 Qb8 36. Ra1 Qe5 37. Qd7 Ne4 38. Rf1 g6 39. Ne7+ Kg7 40.
Nxd5 Nc5 41. Qc6 Nxb3 42. Nxb4 Qc5 43. Qe4 Nd2 44. Qd3 Nxf1+ 45. Kg2 Qxb4 0-1

[Event "*** Titled Tuesday Blitz AM"]
[Site "Chess.com"]
[Date "2020.01.07"]
[Round "2"]
[White "LiamVrolijk"]
[Black "JozefKneht"]
[Result "1/2-1/2"]
[WhiteElo "2803"]
[BlackElo "2392"]
[TimeControl "180+2"]
[EndTime "9:24:34 PST"]
[Termination "Game drawn by stalemate"]

1. Nf3 d5 2. d4 Nf6 3. c4 e6 4. g3 dxc4 5. Bg2 a6 6. Ne5 Bb4+ 7. Nc3 Nd5 8. O-O Nxc3 9. bxc3 Bxc3 10. Rb1 Bxd4 11.
Qa4+ b5 12. Rxb5 axb5 13. Qxa8 Bxe5 14. Qxb8 Bd7 15. Qa7 Bd6 16. Rd1 O-O 17. Bf4 e5 18. Be3 Qb8 19. Qa5 b4 20. Bd5 Qb5 21. Qa7 b3 22.
axb3 cxb3 23. Be4 Bc6 24. Bd3 Qb4 25. Bd2 Qb8 26. Qa6 Qb7 27. Qc4 Bd5 28. Qc3 Rb8 29. Qb2 h6 30. Bc3 f6 31. Bb1 Be6 32. Qd2 b2 33.
Qd3 f5 34. Rd2 Qe4 35. Qxe4 fxe4 36. Rxb2 Rxb2 37. Bxb2 Bd5 38. Kf1 Kf7 39. Ke1 Ke6 40.
Kd2 Bb4+ 41. Kd1 c5 42. Bc1 c4 43. Bd2 c3 44. Be1 Bb3+ 45. Bc2 Bd5 46. Bb1 Bb3+ 47. Bc2 Bd5 48. Ba4 Bc4 49. Bc2 Kd5 50. f3 e3 51. Be4+ Kd4 52. Bc2 Bd5 53. g4 g5 54.
h4 e4 55. fxe4 Bxe4 56. hxg5 hxg5 57. Bxe4 Kxe4 58. Bg3 Bc5 59. Kc2 Bd4 60. Bc7 Bf6 61. Bb8 Bd4 62. Bc7 Be5 63. Bxe5 Kxe5 64. Kxc3 Kf4 65.
Kd4 Kxg4 66. Kxe3 Kh3 67. Kf2 Kh2 68. Kf3 Kh3 69. Kf2 g4 70. Kg1 Kg3 71. e4 Kf4 72. Kg2 Kxe4 73. Kg3 Kf5 74. Kg2 Kg5 75. Kg3 Kf5 76.
Kg2 Kf4 77. Kf2 g3+ 78. Kg2 Kg4 79. Kg1 Kh3 80. Kh1 g2+ 81. Kg1 Kg3 1/2-1/2

[Event "*** Titled Tuesday Blitz AM"]
[Site "Chess.com"]
[Date "2020.01.07"]
[Round "2"]
[White "kleinebeer98"]
[Black "Parhamov"]
[Result "0-1"]
[WhiteElo "2671"]
[BlackElo "3057"]
[TimeControl "180+2"]
[EndTime "9:24:40 PST"]
[Termination "Parhamov won by resignation"]

1. e4 e5 2. Nf3 Nc6 3. d4 exd4 4.
c3 Nf6 5. e5 Ne4 6. Bd3 d5 7.
exd6 Nxd6 8. cxd4 Be7 9. O-O Nf5 10. Bxf5 Bxf5 11. d5 Nb4 12. Nc3 O-O 13. Bf4 Re8 14. Nd4 Bg6 15. Ndb5 Bd6 16. Nxd6 cxd6 17. Nb5 Qf6 18.
Bg3 Bd3 19. Nxd6 Bxf1 20. Nxe8 Rxe8 21. Qxf1 Nxd5 22. Rd1 Qe6 23. h3 a6 24. Qc4 Nf6 25. Qc7 b5 26. Qa5 h6 27. Kh2 Ne4 28. Re1 Qc6 29. Qb4 Re6 30. a3 Qd5 31. Qa5 Kh7 32. Qb4 h5 33. Re3 Nf6 34. Rxe6 Qxe6 35. Qd4 g5 36. Be5 Nd5 37. Qe4+ Kh6 38. Qd4 f6 39. Bb8 h4 40. a4 bxa4 41. Qxa4 Kg6 42. Qc2+ Kg7 43. Qc5 Qb6 44. Qc8 Ne7 45. Qe8 Ng6 46.
Qd7+ Kh6 47. Ba7 Qxb2 48. Bd4 Qd2 49. Qd8 a5 50. Qxf6 Qf4+ 51. Qxf4 gxf4 52. g3 Kg5 53. Kg2 Kf5 54. Bb2 Ke4 55. gxf4 Nxf4+ 56. Kh2 a4 57.
Bf6 Ng6 58. Kg2 a3 59. Ba1 Nf4+ 60. Kh2 a2 61. Bh8 Nd3 62. Ba1 Ne1 63. Kg1 Kf3 64. Kh2 Nc2 65. Bb2 a1=Q 66. Bc1 Qe5+ 67. Kg1 Qe1+ 68.
Kh2 0-1

[Event "*** Titled Tuesday Blitz AM"]
[Site "Chess.com"]
[Date "2020.01.07"]
[Round "2"]
[White "yy2324"]
[Black "GMBenjaminBok"]
[Result "0-1"]
[WhiteElo "2556"]
[BlackElo "2890"]
[TimeControl "180+2"]
[EndTime "9:24:47 PST"]
[Termination "GMBenjaminBok won by resignation"]

1. e4 c5 2. Nf3 d6 3. d4 cxd4 4. Nxd4 Nf6 5. Nc3 a6 6. Be3 e5 7. Nb3 Be6 8. f3 Be7 9. Qd2 O-O 10. O-O-O Nbd7 11. g4 b5 12. g5 Nh5 13. Nd5 Bxd5 14.
exd5 f6 15. gxf6 Bxf6 16. Na5 Nb6 17. Nc6 Qc7 18. Qa5 Nxd5 19. Qxc7 Nxc7 20. Rxd6 Nf4 21. Bxf4 exf4 22. Bd3 Rae8 23. Be4 Kh8 24. Rhd1 Ne6 25. Nb4 Ng5 26. Bc6 Re2 27. R6d2 Rxd2 28. Rxd2 a5 29. Nd3 Bd4 30. Rg2 Be3+ 31. Kb1 Ne6 32. c3 b4 33. cxb4 Rd8 34. Be4 axb4 35. h4 Rd4 36. Rg4 g6 37. b3 Kg7 38. Kb2 Kf6 39. a4 bxa3+ 40. Kxa3 Rd7 41. b4 g5 42. hxg5+ Nxg5 43. Nc5 Rd1 44. Rg2 h5 45. b5 Bxc5+ 46. Kb3 Nxe4 47. fxe4 Rb1+ 48. Kc4 Be3 49. Rh2 Ke5 50.
Rxh5+ Kxe4 51. Rh6 f3 52. Re6+ Kf4 53. Rf6+ Kg3 54.
Kd3 Bg1 55. Rg6+ Kh2 56. Rh6+ Kg2 57. Rg6+ Kf1 58. Rf6 f2 59. Ke3 Rxb5 60. Ra6 Rb3+ 61. Kd2 Kg2 62. Rg6+ Rg3 0-1

[Event "*** Titled Tuesday Blitz AM"]
[Site "Chess.com"]
[Date "2020.01.07"]
[Round "2"]
[White "sganerdene"]
[Black "FairChess_on_YouTube"]
[Result "0-1"]
[WhiteElo "2660"]
[BlackElo "3002"]
[TimeControl "180+2"]
[EndTime "9:24:50 PST"]
[Termination "FairChess_on_YouTube won by resignation"]

1. e4 c5 2. Nf3 Nc6 3. d4 cxd4 4. Nxd4 Qb6 5. Nb3 Nf6 6. Nc3 e6 7. Be3 Qc7 8. a3 a6 9. Be2 b5 10. O-O Be7 11. f4 d6 12. Qe1 Bb7 13. Qf2 Rc8 14. Bf3 h5 15. h3 Qb8 16. Rfe1 h4 17. Rad1 Qa8 18. Qe2 O-O 19. Bf2 Ne8 20. Rf1 g6 21. Qe1 b4 22. Na4 Qb8 23. Bxh4 bxa3 24. bxa3 Ng7 25.
Bxe7 Nxe7 26. Qb4 Rfd8 27. Rd2 Nc6 28. Qb6 e5 29. f5 Qa7 30. Bg4 gxf5 31. Bxf5 Rc7 32.
Kh2 Qxb6 33. Nxb6 Ne7 34. Na5 Nexf5 35. exf5 Be4 36. Nac4 Rc6 37. Rb1 f6 38. Rb4 Bxf5 39. Nd5 Kh8 40. Nxf6 Rf8 41. Nd5 Be6 42. Nde3 Ne8 43.
Nb6 Rc3 44. Nbd5 Rxa3 45. Rh4+ Kg7 46. Nc4 Ra4 47. Kg3 Bxd5 48. Rxd5 Rf4 49. Ne3 Nf6 50.
Nf5+ Rxf5 51. Rxa4 Nxd5 52. Rxa6 Rf6 53. c4 Ne3 54. c5 dxc5 55. Ra7+ Rf7 56. Ra3 Nf1+ 57. Kg4 e4 58. Rc3 e3 59. Rxc5 Re7 60. Rc1 e2 61. Re1 Ne3+ 62. Kf3 Nc2 63. Rxe2 Nd4+ 0-1

[Event "*** Titled Tuesday Blitz AM"]
[Site "Chess.com"]
[Date "2020.01.07"]
[Round "2"]
[White "NemtsevIgor"]
[Black "farzadbfd"]
[Result "0-1"]
[WhiteElo "2349"]
[BlackElo "2605"]
[TimeControl "180+2"]
[EndTime "9:24:51 PST"]
[Termination "farzadbfd won by resignation"]

1. d4 Nf6 2. Bf4 e6 3. e3 c5 4. c3 d5 5. Nd2 Bd6 6. Bg3 O-O 7.
Ngf3 Nc6 8. Bd3 b6 9. Ne5 Bb7 10. f4 Ne7 11. Qf3 Nf5 12. Bf2 Be7 13. g4 Nd6 14. Bh4 Nfe4 15. Bxe7 Qxe7 16. Bxe4 Nxe4 17. Nxe4 dxe4 18. Qg3 Ba6 19. g5 Kh8 20. Qh4 cxd4 21. exd4 Rac8 22. Rg1 Rfd8 23. Rd1 b5 24. Rg3 g6 25.
Ng4 h5 26. Nf6 Kg7 27. Rh3 b4 28. Qf2 bxc3 29. bxc3 Qb7 30. Qe3 Qb5 31. Nxe4 Qf1+ 32. Kd2 Qg2+ 33. Nf2 Rb8 34. Kc2 Rb6 35. Rg3 Qd5 36.
Qe5+ Qxe5 37. fxe5 Rdb8 38. Nd3 Bxd3+ 39. Kxd3 Rb2 40. Rf3 Rxh2 41. Rdf1 Rb7 42. c4 Rxa2 43.
d5 exd5 44. cxd5 Ra3+ 45. Kc4 Rxf3 46. Rxf3 Kf8 47. Kc5 Rb1 48. Kd6 Rb6+ 49. Kc5 Ke7 50. d6+ Ke8 51. Kd5 Rb1 52. Kc6 Rc1+ 53. Kd5 Rd1+ 54.
Kc6 Rc1+ 55. Kb7 a5 56. Ra3 Rc5 57. e6 fxe6 58. Rf3 Kd7 59. Rf6 Rxg5 60. Kb6 Kxd6 61.
Rf8 h4 62. Rd8+ Ke5 0-1

[Event "*** Titled Tuesday Blitz AM"]
[Site "Chess.com"]
[Date "2020.01.07"]
[Round "2"]
[White "Zq1"]
[Black "rasmussvane"]
[Result "0-1"]
[WhiteElo "2576"]
[BlackElo "2855"]
[TimeControl "180+2"]
[EndTime "9:24:53 PST"]
[Termination "rasmussvane won by resignation"]

1. d4 d5 2. c4 e6 3. Nc3 a6 4.
cxd5 exd5 5. Nf3 Nf6 6. Bg5 Be6 7. e3 Nbd7 8. Bd3 Bd6 9. O-O c6 10. Rb1 Qc7 11. Bh4 O-O 12. Bg3 Bxg3 13. hxg3 Bg4 14.
Qc2 Bh5 15. b4 Bg6 16. a4 Rfc8 17. Rfc1 Qd6 18. b5 axb5 19. axb5 cxb5 20. Bxg6 hxg6 21. Nxb5 Rxc2 22. Nxd6 Rxc1+ 23. Rxc1 Ne4 24. Nxb7 Ra2 25. Nc5 Ndf6 26. Nxe4 Nxe4 27. Rf1 f6 28. g4 g5 29. g3 Kf7 30. Kg2 g6 31. Ng1 Ke6 32. Nh3 Kd6 33. Rb1 f5 34. gxf5 g4 35. fxg6 gxh3+ 36. Kxh3 Nxf2+ 37.
Kh4 Ke7 38. Rb7+ Kf8 39. Kg5 Ne4+ 40. Kf4 Ra6 41. Ke5 Rxg6 42. Kxd5 Nf6+ 43. Ke6 Ne8+ 44. Kf5 Rxg3 45. Kf4 Rg6 46. e4 Rf6+ 47. Ke5 Rh6 48. d5 Rh5+ 49. Kf4 Nd6 50. Rb8+ Ke7 51. Rb4 Rh4+ 52. Ke5 Nf7+ 53. Kf5 Nd6+ 54. Ke5 Rh1 55. Ra4 Nf7+ 56. Kd4 Rd1+ 57. Ke3 Ne5 58. Ra7+ Kf6 59. Ra6+ Kg5 60. Re6 Ng4+ 61. Ke2 Rd4 62. d6 Kf4 63.
Rg6 Ne5 64. Rh6 Rxe4+ 65. Kf2 Ng4+ 0-1

[Event "*** Titled Tuesday Blitz AM"]
[Site "Chess.com"]
[Date "2020.01.07"]
[Round "2"]
[White "XxPetroffsxX"]
[Black "Martins-BR"]
[Result "1-0"]
[WhiteElo "1971"]
[BlackElo "2378"]
[TimeControl "180+2"]
[EndTime "9:24:53 PST"]
[Termination "XxPetroffsxX won on time"]

1. d4 f5 2. Bg5 h6 3. Bh4 c5 4. c3 cxd4 5. cxd4 Qb6 6. Nd2 g5 7. Bg3 f4 8. e3 fxg3 9. Qh5+ Kd8 10.
hxg3 Nf6 11. Qf7 d5 12. Ngf3 Be6 13. Qg6 Rg8 14. Qc2 Nc6 15. a3 Rc8 16. Qb3 Bg7 17.
Bb5 a6 18. Bd3 Qxb3 19. Nxb3 Ne4 20. Bxe4 dxe4 21. Nfd2 Bxb3 22. Nxb3 b6 23. Ke2 Na5 24. Nd2 Rc2 25. Rac1 Rxb2 26. Rb1 Rxb1 27. Rxb1 b5 28. Nxe4 Kc7 29. a4 Rb8 30. axb5 axb5 31. Nc5 Kc6 32. Rc1 Nc4 33. Ne6 Bf6 34. e4 Kd6 35. d5 Ne5 36. Nd4 b4 37. f4 gxf4 38. gxf4 Ng6 39. Rc6+ Kd7 40. Nb3 Nxf4+ 41. Kd2 Nxg2 42. Nc5+ Ke8 43.
Kc2 h5 44. Kb3 h4 45. Nd3 h3 46. e5 h2 47. Rc1 Bg5 48. Rh1 Ne3 49. Rxh2 Rd8 50.
Rh8+ Kd7 51. Nc5+ Kc8 52. Rxd8+ Kxd8 53. d6 1-0

[Event "*** Titled Tuesday Blitz AM"]
[Site "Chess.com"]
[Date "2020.01.07"]
[Round "2"]
[White "gmasterkiller"]
[Black "platy3"]
[Result "1/2-1/2"]
[WhiteElo "2616"]
[BlackElo "2886"]
[TimeControl "180+2"]
[EndTime "9:24:55 PST"]
[Termination "Game drawn - insufficient material"]

1. e4 c5 2. Nf3 Nc6 3. Bb5 g6 4. O-O Bg7 5. Re1 Nf6 6. e5 Nd5 7. Nc3 Nc7 8. Bxc6 dxc6 9. d3 O-O 10. h3 Ne6 11. Ne4 b6 12. Neg5 Nc7 13. Bd2 h6 14.
Ne4 Ne6 15. a4 Nd4 16. Nxd4 cxd4 17. Bf4 Qd5 18. Qd2 Kh7 19. b3 c5 20. f3 Bb7 21.
Nf2 Rae8 22. a5 Bc6 23. axb6 axb6 24. Ra7 Qe6 25. Bh2 Ra8 26. Rea1 Rxa7 27. Rxa7 Ra8 28.
Rxa8 Bxa8 29. Qe1 f5 30. h4 g5 31. Nh3 Qg6 32. Qg3 gxh4 33. Qxh4 Bxf3 34. Nf4 Qg5 35.
Qxg5 hxg5 36. gxf3 gxf4 37. Bxf4 Kg6 38. e6 Kf6 39.
Bc7 Kxe6 40. Bxb6 Kd5 41. Kf2 Bh6 42. Ke2 e5 43. Bd8 Bf8 44. Bh4 Bd6 45. Bg3 Kc6 46. Bf2 Kb5 47. Be1 Bf8 48. Bd2 Be7 49. Bh6 Kb4 50.
Bd2+ Ka3 51. Ba5 Kb2 52. Kd1 Bd6 53. Bd8 Kb1 54. Bf6 Ka2 55. Bg5 Ka3 56. Bd2 Be7 57.
Ke2 Bd6 58. Be1 Kb2 59. Kd1 Kb1 60. Bh4 Ka2 61. Bf6 Ka3 62. Bg5 Kb4 63. Bd2+ Kb5 64. Ke2 Kc6 65. Kf2 Kd5 66. Ke2 Be7 67.
Be1 e4 68. fxe4+ fxe4 69. dxe4+ Kxe4 70. Bf2 Bd8 71. Bg3 Bg5 72. Bd6 Kd5 73. Bf8 c4 74. bxc4+ Kxc4 75. Bg7 Kc3 76. Kd1 Kc4 77. Bxd4 Kxd4 78.
c3+ Kxc3 1/2-1/2

[Event "*** Titled Tuesday Blitz AM"]
[Site "Chess.com"]
[Date "2020.01.07"]
[Round "2"]
[White "OK97"]
[Black "vinniethepooh"]
[Result "0-1"]
[WhiteElo "2852"]
[BlackElo "2609"]
[TimeControl "180+2"]
[EndTime "9:24:59 PST"]
[Termination "vinniethepooh won by resignation"]

1. d4 d5 2. c4 c6 3. Nf3 Nf6 4. e3 Bf5 5. Nc3 e6 6. Nh4 Be4 7. f3 Bg6 8. Qb3 Qc7 9. Bd2 a6 10. c5 e5 11. O-O-O Nbd7 12. f4 e4 13. h3 h6 14.
Nxg6 fxg6 15. g4 Rb8 16. Na4 b6 17. cxb6 Nxb6 18. Ba5 Nfd7 19. Rh2 Qb7 20. Nxb6 Nxb6 21. Rc2 Bd6 22. Kb1 O-O 23. Rdc1 Rfc8 24. h4 Be7 25. g5 hxg5 26. hxg5 Rc7 27. Bh3 Nc4 28. Be6+ Kf8 29. Rh1 Bd8 30. Rh8+ Ke7 31. Rxc4 dxc4 32. Qa3+ Kxe6 33.
Bxc7 Bxc7 34. Rxb8 Bxb8 35. Qf8 Bd6 36. Qg8+ Kf5 37. Qxc4 Bxf4 38. exf4 Kxf4 39. Qf1+ Ke3 40. Qg1+ Kd3 41. Qd1+ Kc4 42. Kc2 Kd5 43. Kc3 Qb5 44. b3 Qa5+ 45. Kb2 Qb4 46. Qg4 Qxd4+ 47. Kc2 Qf2+ 48.
Kb1 e3 49. Qd7+ Ke4 50. Qe6+ Kd3 51. Qc4+ Kd2 52. Qc2+ Ke1 53. Qc1+ Ke2 54. Qc4+ Kf3 55. Qxc6+ Kg3 56. Qd6+ Kg2 57. Qd5+ Kg1 58. Qd1+ Qf1 59. Kc1 e2 0-1

[Event "*** Titled Tuesday Blitz AM"]
[Site "Chess.com"]
[Date "2020.01.07"]
[Round "2"]
[White "SlavenPastar"]
[Black "VladDobrov"]
[Result "0-1"]
[WhiteElo "2550"]
[BlackElo "2817"]
[TimeControl "180+2"]
[EndTime "9:25:05 PST"]
[Termination "VladDobrov won by resignation"]

1. d4 Nf6 2. c4 e6 3. Nc3 Bb4 4. e3 d5 5. cxd5 exd5 6. Bd3 c5 7. a3 Ba5 8. dxc5 Bxc3+ 9. bxc3 O-O 10. Nf3 Nbd7 11.
O-O Nxc5 12. Be2 b6 13. a4 Ba6 14. Bxa6 Nxa6 15. a5 b5 16. Ba3 Re8 17. Nd4 Qd7 18. Qd3 Rab8 19. Rab1 Nc7 20. Bc5 a6 21. Nc2 Ne4 22. Bd4 Nd6 23. Nb4 Nc4 24. Ra1 h5 25. h3 Re6 26. Qf5 g6 27. Qg5 Kh7 28. Rfd1 Qd8 29.
Qf4 Qe7 30. Bb6 Nxb6 31. axb6 Rbxb6 32. Nxd5 Nxd5 33. Rxd5 Qf6 34. Qd4 Rec6 35. Rd7 Kg7 36. Ra3 Rd6 37. Qxf6+ Kxf6 38. Ra7 h4 39. Kf1 Ke6 40.
Ke2 f6 41. Ra8 g5 42. Ra7 Kd5 43. Kf3 Kc4 44. Rc7+ Rbc6 45. Rxa6 Rxc7 46. Rxd6 Kxc3 47. Rxf6 b4 48. Rb6 Rc4 49. e4 b3 50. e5 b2 51. e6 Kc2 52. e7 Rc8 53. Kg4 Re8 54. Kxg5 Rxe7 55. Kxh4 Kc3 56. Kg5 Rg7+ 57. Kf6 Rxg2 58.
f4 Rg3 59. f5 Kc2 60. Ke7 Rb3 61. Rc6+ Kd2 62. Rd6+ Ke2 63. Re6+ Kf2 64. f6 b1=Q 0-1

[Event "*** Titled Tuesday Blitz AM"]
[Site "Chess.com"]
[Date "2020.01.07"]
[Round "2"]
[White "albi1999"]
[Black "Rainbow2014"]
[Result "1-0"]
[WhiteElo "2520"]
[BlackElo "2264"]
[TimeControl "180+2"]
[EndTime "9:25:06 PST"]
[Termination "albi1999 won by resignation"]

1. e4 c5 2. Nf3 e6 3. g3 Nc6 4. Bg2 d6 5. O-O Nf6 6. Re1 Be7 7. c3 c4 8. Na3 Na5 9. Nxc4 Nxc4 10. Qa4+ Bd7 11.
Qxc4 O-O 12. Qe2 a6 13. d3 b5 14. e5 Nd5 15. exd6 Bxd6 16. c4 Nb6 17. b3 Rc8 18. Bb2 Bc6 19. Rac1 Bb4 20. Red1 Qe7 21. Qc2 Rfd8 22.
Qb1 Qb7 23. Nh4 Bxg2 24. Nxg2 bxc4 25. dxc4 Nd7 26. Qa1 f6 27. Nf4 Nf8 28. Bc3 Bc5 29.
Bd4 Rxd4 30. Rxd4 e5 31. Rd5 exf4 32. Rcd1 fxg3 33. hxg3 Qc7 34. Qc3 Qf7 35. Qa5 Qc7 36. Qxc7 Rxc7 37. Kg2 Kf7 38. f3 a5 39. Rd8 Ke7 40. Ra8 Bb4 41. a3 Bxa3 42. Rxa5 Bc5 43.
Rb5 Ne6 44. b4 Bd4 45. c5 h5 46. Rb8 g5 47. Rh8 h4 48. Rh7+ Kd8 49. Rxc7 Kxc7 50.
gxh4 gxh4 51. Kh3 Ng5+ 52. Kg4 Bf2 53. f4 Ne4 54. Kf3 f5 55. Rd5 h3 56. Rxf5 h2 57.
Rh5 Nf6 58. Rxh2 Be1 59. b5 Bb4 60. b6+ Kb7 61. Rh6 Nd5 62. Ke4 Nc3+ 63. Kd3 Na4 64.
Kc4 Bxc5 65. Kb5 Bxb6 66. Kxa4 Kc7 67. Re6 Bd4 68. Kb5 Kd7 69. f5 Ba1 70. Kc4 Bb2 71.
Kd5 Bc3 72. Ke4 Ba1 73. Kf3 Bb2 74. Kg4 Bc3 75. Kg5 Bb2 76. Kg6 Bc3 77. Re2 Kd8 78.
f6 1-0

[Event "*** Titled Tuesday Blitz AM"]
[Site "Chess.com"]
[Date "2020.01.07"]
[Round "2"]
[White "liczner"]
[Black "Nbk90"]
[Result "1-0"]
[WhiteElo "2819"]
[BlackElo "2553"]
[TimeControl "180+2"]
[EndTime "9:25:09 PST"]
[Termination "liczner won on time"]

1. e4 c5 2. Nf3 e6 3. d4 cxd4 4.
Nxd4 Nf6 5. Nc3 Nc6 6. Ndb5 Bc5 7. Bf4 O-O 8. Bc7 Qe7 9. Bd6 Bxd6 10. Nxd6 Qd8 11. Be2 a6 12. a4 Ne8 13. O-O Qe7 14. Nc4 Rb8 15. a5 d6 16. Qd2 e5 17. Rfd1 Nd4 18. Nd5 Qd8 19. Ra3 Be6 20. Ncb6 Nf6 21. Nxf6+ Qxf6 22. c3 Nxe2+ 23. Qxe2 Rbd8 24. c4 Qe7 25. Rad3 f5 26. Qd2 fxe4 27. Rxd6 Rxd6 28. Qxd6 Qf7 29.
Qc5 h6 30. b3 Bg4 31. Re1 Bf3 32. gxf3 Qg6+ 33. Kh1 Rxf3 34. Qd5+ Kh8 35. Qxe4 Qf7 36. Re2 Rxb3 37. Kg2 Qe6 38. f3 Qf6 39. h4 Ra3 40.
Nd5 Qe6 41. Qxe5 Qg6+ 42. Qg3 Qxg3+ 43. Kxg3 Rxa5 44. Re8+ Kh7 45. Re7 Rc5 46. h5 Kg8 47.
Rxb7 Rxc4 48. Ra7 Rc5 49. Nf4 a5 50. Kg4 Rg5+ 51. Kh4 Rf5 52. Ng6 1-0

[Event "*** Titled Tuesday Blitz AM"]
[Site "Chess.com"]
[Date "2020.01.07"]
[Round "2"]
[White "arjwezhrtdrz"]
[Black "Korona_91"]
[Result "0-1"]
[WhiteElo "2267"]
[BlackElo "2549"]
[TimeControl "180+2"]
[EndTime "9:25:10 PST"]
[Termination "Korona_91 won by resignation"]

1. e4 e6 2. d4 d5 3. Nd2 a6 4. exd5 exd5 5. Ngf3 c5 6. c3 Nc6 7. Be2 Nf6 8. O-O c4 9. b3 b5 10. a4 Be6 11. Ng5 Be7 12. Nxe6 fxe6 13. axb5 axb5 14. Rxa8 Qxa8 15. bxc4 bxc4 16. Nxc4 dxc4 17. Bxc4 O-O 18. Bxe6+ Kh8 19. h3 Nd8 20. Bb3 Bd6 21. Be3 Nc6 22. Qd3 Na5 23. Bc2 Qc6 24. Bg5 g6 25. Bh6 Rc8 26.
Bd2 Bb8 27. g3 Nc4 28. Bc1 Nd6 29. Bb2 Qb5 30. Qxb5 Nxb5 31. c4 Rxc4 32. Bd3 Rb4 33. Ba1 Nxd4 34. Rd1 Ba7 35. Kg2 Kg7 36. g4 g5 37. Bf5 Nxf5 38. Rd7+ Kf8 39. Rxa7 Nh4+ 40. Kh2 Rf4 41. Kg1 h6 42. Ra6 Kf7 43. Ra7+ Ke8 44.
Ra6 Ne4 45. Rxh6 Nxf2 46. Rf6 Nxh3+ 47. Kh2 Ra4 48. Re6+ Kd7 49. Rh6 Nf4 50. Bf6 Ra2+ 51. Kg1 Nf3+ 52. Kf1 Nd3 53. Bd4 Nxd4 54. Rg6 Ne6 0-1

[Event "*** Titled Tuesday Blitz AM"]
[Site "Chess.com"]
[Date "2020.01.07"]
[Round "2"]
[White "GMKrikor"]
[Black "AdrianPetrisor1992"]
[Result "1/2-1/2"]
[WhiteElo "2881"]
[BlackElo "2614"]
[TimeControl "180+2"]
[EndTime "9:25:12 PST"]
[Termination "Game drawn by repetition"]

1. e4 e5 2. Bc4 Nc6 3. Nc3 Nf6 4. d3 Na5 5. Qf3 Nxc4 6. dxc4 d6 7. Nge2 Be6 8. b3 Qd7 9. O-O Be7 10. Ng3 O-O 11.
h3 Ne8 12. Nf5 Bxf5 13. exf5 c6 14. Be3 Nf6 15. Rad1 Qc7 16. g4 Nd7 17. Ne4 Rfe8 18. g5 Bf8 19. Kh1 Rad8 20. Rg1 Nc5 21. Bxc5 dxc5 22.
Rxd8 Qxd8 23. g6 hxg6 24. fxg6 Qd7 25. Qh5 fxg6 26. Rxg6 Be7 27. Qh6 Bd8 28. Qh5 Rf8 29. Kg2 Rf5 30. Qg4 Qf7 31. f3 Rf4 32. Qe6 Rxf3 33. Qxf7+ Rxf7 34. Nxc5 Bf6 35. Ne4 Kh7 36. Rg4 Rd7 37. Rg3 Rd1 38. Re3 Kg6 39. a4 Kf5 40. Re2 Be7 41. Ng3+ Ke6 42. Kf3 Bc5 43. Ne4 Bd4 44.
Rg2 Kf7 45. Ke2 Rc1 46. Kd3 Rd1+ 47. Rd2 Rxd2+ 48. Kxd2 Ke6 49. Ke2 Bb6 50. Kf3 Bd4 51. Kg4 a6 52. h4 Be3 53. h5 b5 54. cxb5 cxb5 55. axb5 axb5 56. Ng3 b4 57. Nf5 Bh6 58. Ng3 Bf4 59. Ne4 Be3 60. Kf3 Bf4 61. Kg4 Be3 62. Ng3 Bf4 63. Nf5 Bh6 64. Ng3 Bf4 1/2-1/2

[Event "*** Titled Tuesday Blitz AM"]
[Site "Chess.com"]
[Date "2020.01.07"]
[Round "2"]
[White "DACF2905"]
[Black "cancrushyou"]
[Result "1-0"]
[WhiteElo "2211"]
[BlackElo "2461"]
[TimeControl "180+2"]
[EndTime "9:25:15 PST"]
[Termination "DACF2905 won on time"]

1. e4 c5 2. Nf3 e6 3. d4 cxd4 4.
Nxd4 Nc6 5. Nc3 Qc7 6. Be3 a6 7. Be2 Nf6 8. O-O Be7 9. a3 O-O 10. Qd2 b5 11. Nxc6 dxc6 12. Bf4 e5 13. Bg3 Be6 14.
Rad1 Rad8 15. Qg5 Ng4 16. Qc1 Bc5 17. h3 Nf6 18. Qg5 Bd6 19. Rxd6 Qxd6 20. Bxe5 Qe7 21. Qg3 Rd7 22. Bd3 Rfd8 23. Ne2 c5 24. Nf4 c4 25.
Be2 Rd2 26. Bf3 Rxc2 27. Nd5 Bxd5 28. exd5 Ne8 29. Re1 f6 30. Bc3 Qf7 31. Rxe8+ Rxe8 32. d6 Rc1+ 33. Kh2 Rxc3 34. bxc3 Qe6 35. Bb7 Qe5 36. Bxa6 Qxg3+ 37. Kxg3 Re5 38. d7 Rd5 39. Bxb5 Kf8 40. a4 Ke7 41. f3 Rd3 42. Bxc4 Rxc3 43. Bb5 g6 44. Kg4 h6 45. g3 h5+ 46. Kh4 Rxf3 47. g4 hxg4 48. hxg4 Rf2 49. Kg3 Rb2 50. Kf4 Rb4+ 51.
Kg3 Rd4 52. Kf3 Kd8 53. Kg3 Kc7 54. Kf3 Kb6 55. Ke3 Rd5 56. Ke4 Rd6 57. Kf4 Kc7 58. Ke4 Rd1 59. Kf4 Rd4+ 60. Kf3 Kd8 61. Kg3 Ke7 62.
Kf3 Ke6 63. Kg3 Ke5 64. Kf3 Rd6 65. Kg3 Ke4 66. a5 Kd5 67. a6 1-0

[Event "*** Titled Tuesday Blitz AM"]
[Site "Chess.com"]
[Date "2020.01.07"]
[Round "2"]
[White "FedaMaster"]
[Black "politeplayer"]
[Result "1-0"]
[WhiteElo "2442"]
[BlackElo "2113"]
[TimeControl "180+2"]
[EndTime "9:25:15 PST"]
[Termination "FedaMaster won by resignation"]

1. e4 c5 2. Nf3 e6 3. d4 cxd4 4. Nxd4 Nc6 5. Nc3 Qc7 6. Be3 a6 7. f3 Nf6 8. Qd2 Bb4 9. a3 Ba5 10. b4 Bb6 11. Ndb5 axb5 12. Nxb5 Qd8 13. Qd6 Ng8 14.
Bxb6 Qxb6 15. Nc7+ Kd8 16. Nxa8 Qe3+ 17. Kd1 Nge7 18.
Bd3 Qf2 19. b5 Na7 20. Rf1 Qe3 21. Re1 Qf2 22. Qb6+ Qxb6 23. Nxb6 Kc7 24. Nxc8 Rxc8 25. a4 d5 26. a5 Kd6 27. b6 Nac6 28. a6 bxa6 29.
Rxa6 Rb8 30. exd5 Nxd5 31. Kd2 Ncb4 32. Ra7 Rxb6 33. Rxf7 Nxd3 34. Kxd3 g6 35. Rxh7 Nf4+ 36. Kd2 Nxg2 37. Re4 Rb5 38. Rh3 Rd5+ 39. Ke2 g5 40. Rg3 Nf4+ 41. Ke1 Rc5 42. Kd2 Rd5+ 43. Ke3 Rc5 44.
Rxg5 Rxg5 45. Kxf4 Rg2 46. h4 Rxc2 47. Kg5 Rc5+ 48.
Kg6 Rf5 49. f4 Rf8 50. h5 Rg8+ 51. Kh7 Rg4 52. h6 Kd5 53. Re5+ Kd6 54. Rg5 Rxf4 55.
Kg6 e5 56. h7 Rf8 57. Kg7 Rc8 58. h8=Q Rxh8 59. Kxh8 Kd5 60. Kg7 Kd4 61. Kf6 e4 62. Kf5 e3 63. Kf4 e2 64. Rg1 Kd3 65. Kf3 Kd2 66. Kf2 1-0

[Event "*** Titled Tuesday Blitz AM"]
[Site "Chess.com"]
[Date "2020.01.07"]
[Round "2"]
[White "DishonorOnYourCow"]
[Black "CrgKrishna"]
[Result "1/2-1/2"]
[WhiteElo "2212"]
[BlackElo "2474"]
[TimeControl "180+2"]
[EndTime "9:25:18 PST"]
[Termination "Game drawn by agreement"]

1. d4 f5 2. c4 Nf6 3. g3 d6 4. Bg2 g6 5. Nh3 Bg7 6. O-O e6 7. Nf4 O-O 8. Nc3 c6 9. Qc2 e5 10. dxe5 dxe5 11. Nd3 Qe7 12. e4 Nbd7 13. Re1 f4 14.
gxf4 Nh5 15. f5 Ndf6 16. Bg5 h6 17. Bh4 gxf5 18. exf5 Bxf5 19. Ne4 Rae8 20. Qe2 Qc7 21. Nxf6+ Nxf6 22. Bxf6 Bxf6 23. Be4 Be6 24. Kh1 Kh8 25. Qh5 Bg7 26. Qg6 Bg8 27. Rg1 Rf6 28. Qg2 Rd8 29. Nxe5 Rd2 30. Ng6+ Rxg6 31. Qxg6 Rxf2 32. Rg2 Rf6 33.
Qg4 Rf4 34. Qg6 Rf6 35. Qg3 Qe7 36. Rag1 Rf7 37. Bg6 Rf8 38. Bh5 Be5 39. Qg6 Bf4 40. Rf2 Bh7 41. Qg2 Be4 42. Bf3 Be3 43. Bxe4 Bxf2 44.
Rf1 Bd4 45. Rxf8+ Qxf8 46. Qf3 Qxf3+ 47. Bxf3 Bxb2 48. Kg2 Kg7 49. h3 Kf6 50. Bg4 Ke5 51. Kf3 Kd4 52. Be6 c5 53. Ke2 Kc3 54. Ke3 Bc1+ 55.
Ke2 Kb2 56. Kd1 Bf4 57. a4 Kb3 58. a5 Kb4 59. Bd5 Kxa5 60. Bxb7 Kb4 61. Ba6 Ka5 62.
Bb7 Kb6 63. Bd5 a5 64. Kc2 a4 65. Kb2 Ka5 66. Ka2 Kb4 67. Be6 h5 68. Bd5 h4 69.
Be6 Bd2 70. Bd5 1/2-1/2